Map: Thunderbird LE

Players

Lambo

  • Race: Zerg Zerg
  • League: Grandmaster
  • Spawn Location: 11:00

llllllllllll (Stats) - Winner!

  • Race: Protoss Protoss
  • League: Master
  • Spawn Location: 5:00

Event: HomeStory Cup XX

VOD

Have the link to the VOD?

Description

Time

  • Played on: Nov. 22, 2019, 7:35 a.m.
  • Length: 16:47

All games in this series

Show
View Real Time Build Order
Export as new Build Order

Lambo Zerg 

Build Orders: Hatch First, Brood Lord Corruptor 

Get SALT Encoding   

  12  0:00  Drone  
  13  0:12  Overlord  
  13  0:16  Drone  
  14  0:30  Drone  
  14  0:31  Drone  
  16  0:47  Hatchery  
  15  0:50  Drone  
  15  0:54  Drone  
  17  0:57  Drone  
  18  1:08  Extractor  
  17  1:12  Spawning Pool  
  17  1:15  Drone  
  17  1:18  Drone  
  18  1:28  Drone  
  19  1:39  Overlord  
  19  1:51  Drone  
  20  1:59  Queen x2  
  20  2:00  Zergling x4  
  26  2:10  Drone  
  26  2:11  Drone  
  28  2:21  Drone  
  29  2:23  Drone  
  30  2:32  Hatchery  
  30  2:33  Metabolic Boost  
  30  2:36  Drone  
  30  2:39  Zergling x2  
  30  2:42  Zergling x2  
  32  2:48  Overlord  
  32  2:53  Overlord  
  32  2:56  Zergling x2  
  33  3:05  Drone x2  
  35  3:08  Drone x2  
  37  3:13  Queen  
  37  3:15  Drone x2  
  37  3:18  Drone  
  42  3:26  Overlord  
  42  3:28  Drone  
  42  3:30  Queen  
  45  3:35  Drone  
  45  3:38  Drone  
  45  3:39  Spore Crawler x2  
  45  3:48  Overlord  
  45  3:49  Drone x2  
  45  3:50  Drone  
  45  3:53  Queen  
  51  3:55  Drone  
  51  4:00  Drone x2  
  51  4:01  Drone  
  54  4:05  Drone x2  
  56  4:10  Overlord  
  56  4:12  Spore Crawler  
  56  4:13  Zergling x2  
  56  4:16  Drone x2  
  57  4:18  Drone  
  57  4:23  Drone x4  
  62  4:27  Drone  
  62  4:30  Lair  
  63  4:34  Drone  
  63  4:36  Extractor, Drone x2  
  63  4:37  Drone  
  66  4:38  Extractor  
  66  4:39  Drone x2  
  66  4:41  Overlord  
  66  4:43  Drone  
  68  4:55  Drone x4  
  68  4:56  Overlord  
  68  4:58  Drone x3  
  73  5:02  Drone x2  
  73  5:05  Drone x2  
  77  5:09  Drone x3  
  77  5:11  Evolution Chamber, Drone  
  80  5:18  Drone x3  
  80  5:20  Extractor  
  82  5:25  Hatchery, Drone  
  82  5:26  Drone x2  
  82  5:28  Extractor  
  83  5:29  Baneling Nest, Extractor  
  83  5:33  Overlord, Hydralisk Den  
  80  5:38  Zergling x14  
  80  5:41  Zergling x2  
  80  5:42  Drone x3  
  87  5:50  Zergling x2  
  88  5:57  Drone  
  88  5:59  Zerg Melee Weapons Level 1, Drone  
  88  6:00  Drone  
  88  6:02  Zergling x4  
  93  6:06  Hydralisk x2  
  93  6:07  Overlord  
  93  6:09  Overlord  
  96  6:14  Grooved Spines, Queen  
  96  6:15  Centrifical Hooks, Infestation Pit  
  97  6:18  Overlord  
  97  6:20  Overlord  
  97  6:21  Overlord  
  97  6:23  Overlord  
  97  6:26  Overlord  
  95  6:34  Drone  
  95  6:35  Drone x5  
  95  6:36  Drone x2  
  95  6:38  Drone x2  
  105  6:43  Drone x2  
  105  6:44  Drone  
  108  6:49  Hydralisk, Drone x2  
  108  6:50  Hydralisk x2  
  116  6:55  Evolution Chamber  
  116  6:58  Hive  
  115  7:02  Spire  
  115  7:03  Hydralisk  
  115  7:05  Drone x2  
  118  7:08  Hydralisk x2  
  118  7:12  Hydralisk x2  
  126  7:16  Hydralisk x2  
  126  7:19  Baneling x6  
  126  7:22  Zergling x8  
  134  7:24  Baneling x3  
  134  7:26  Muscular Augments, Drone x2  
  134  7:27  Drone  
  134  7:28  Hydralisk, Extractor  
  134  7:29  Extractor  
  137  7:34  Zergling x12  
  142  7:37  Overlord  
  142  7:39  Hydralisk x2  
  140  7:45  Hydralisk x2, Drone x3  
  147  7:53  Drone  
  147  7:54  Drone x2  
  147  7:56  Zerg Missile Weapons Level 1  
  150  8:00  Hatchery, Zerg Melee Weapons Level 2  
  150  8:01  Hydralisk x2  
  150  8:05  Overseer  
  153  8:06  Overlord  
  153  8:08  Hydralisk x2  
  157  8:16  Zergling x6  
  157  8:19  Baneling x5  
  160  8:21  Overlord  
  160  8:25  Greater Spire  
  160  8:26  Baneling x2  
  160  8:29  Overlord  
  160  8:32  Overlord  
  159  8:34  Overlord  
  159  8:35  Zergling x18  
  159  8:37  Baneling x4  
  159  8:41  Overlord  
  168  8:58  Overlord  
  165  9:06  Corruptor x4  
  165  9:07  Corruptor x3  
  179  9:14  Drone x4  
  179  9:15  Drone  
  179  9:16  Overlord  
  184  9:23  Overlord  
  183  9:26  Extractor x2  
  181  9:33  Pneumatized Carapace, Overseer  
  180  9:38  Zerg Flyer Weapons Level 1  
  180  9:41  Spire  
  180  9:43  Brood Lord x2  
  180  9:44  Brood Lord  
  185  9:48  Overlord  
  185  9:51  Drone x4  
  189  9:53  Brood Lord, Spine Crawler  
  190  10:02  Brood Lord  
  190  10:03  Brood Lord  
  194  10:10  Drone x6  
  194  10:13  Spine Crawler  
  197  10:14  Spine Crawler  
  197  10:15  Spine Crawler x2  
  197  10:18  Brood Lord  
  197  10:20  Drone x4  
  198  10:23  Drone x2  
  198  10:24  Drone x4  
  195  10:34  Unknown  
  195  10:35  Hatchery, Unknown  
  192  10:36  Spore Crawler x2  
  192  10:37  Zerg Ground Armor Level 1, Spore Crawler x2, Zerg Missile Weapons Level 2  
  192  10:39  Spore Crawler  
  192  10:40  Spore Crawler  
  192  10:41  Spore Crawler  
  182  10:50  Viper x2  
  182  10:51  Corruptor x4  
  182  10:56  Zerg Flyer Armor Level 1  
  196  10:58  Spore Crawler  
  196  11:00  Drone x5  
  200  11:04  Overlord  
  200  11:09  Overlord  
  200  11:25  Spore Crawler x2  
  199  11:26  Overseer  
  199  11:27  Corruptor  
  199  11:29  Pathogen Glands  
  200  11:38  Spore Crawler  
  200  11:39  Spore Crawler, Overseer  
  198  11:40  Spore Crawler  
  198  11:41  Spore Crawler  
  198  11:42  Corruptor  
  198  11:43  Corruptor  
  198  11:46  Zerg Flyer Weapons Level 2  
  200  12:05  Spore Crawler x2  
  200  12:07  Spore Crawler, Overlord  
  200  12:08  Spore Crawler x2  
  195  12:15  Spore Crawler  
  193  12:16  Spore Crawler  
  193  12:17  Spore Crawler  
  193  12:18  Spore Crawler x2  
  187  12:25  Neural Parasite, Corruptor x7  
  187  12:28  Brood Lord  
  200  12:30  Overseer x2  
  200  12:31  Overseer  
  200  12:43  Spore Crawler  
  199  12:45  Spore Crawler  
  199  12:47  Spore Crawler  
  197  13:03  Zerg Ground Armor Level 2  
  197  13:05  Zerg Missile Weapons Level 3  
  197  13:09  Drone x3  
  197  13:12  Spore Crawler  
  199  13:13  Spore Crawler x2  
  197  13:20  Adrenal Glands  
  197  13:33  Drone x3  
  200  13:34  Spore Crawler x2  
  200  13:35  Spore Crawler  
  200  13:36  Spore Crawler x3  
  200  13:39  Zerg Flyer Armor Level 2  
  193  14:03  Corruptor x3  
  196  14:13  Corruptor x3  
  191  14:17  Corruptor x4  
  191  14:23  Overseer  
  187  14:24  Corruptor x8  
  187  14:29  Corruptor x3  
  189  14:37  Zergling x12  
  191  14:40  Zergling x4  
  191  14:45  Hydralisk x8  
  169  15:01  Infestor x6  
  173  15:08  Brood Lord  
  173  15:09  Brood Lord  
  173  15:12  Brood Lord  
  173  15:13  Drone  
  180  15:17  Drone x3  
  183  15:23  Brood Lord  
  183  15:25  Brood Lord  
  183  15:27  Viper  
  190  15:31  Drone  
  191  15:36  Infestor x3  
  197  15:54  Brood Lord  
  196  16:00  Brood Lord  
  196  16:03  Corruptor  
  196  16:04  Corruptor  
  190  16:05  Hydralisk x2  
Show
View Real Time Build Order
Export as new Build Order

llllllllllll Protoss - Winner!

Build Orders: 1 Gate Expand, Oracle Opening, Carriers, Zealot Archon 

Get SALT Encoding   

  12  0:00  Probe  
  13  0:12  Probe  
  14  0:17  Pylon  
  14  0:24  Probe  
  15  0:32  Probe  
  15  0:38  Gateway  
  15  0:40  Probe  
  16  0:47  Assimilator  
  17  0:51  Probe  
  18  1:03  Probe  
  19  1:15  Probe  
  20  1:25  Cybernetics Core  
  20  1:33  Nexus  
  20  1:36  Probe  
  21  1:44  Pylon  
  21  1:52  Assimilator, Probe, Adept  
  22  2:04  Probe  
  25  2:12  Adept  
  25  2:16  Probe  
  28  2:28  Probe  
  28  2:29  Stargate  
  29  2:37  Warp Gate  
  29  2:40  Probe  
  30  2:44  Probe  
  30  2:48  Stalker  
  33  2:52  Probe x2  
  35  3:02  Probe  
  35  3:05  Probe  
  37  3:07  Oracle  
  37  3:14  Probe  
  37  3:17  Probe  
  42  3:22  Pylon  
  42  3:26  Probe  
  43  3:29  Probe  
  43  3:31  Gateway  
  43  3:33  Assimilator  
  44  3:35  Assimilator  
  44  3:38  Probe  
  44  3:41  Probe, Oracle  
  49  3:50  Probe  
  49  3:52  Pylon  
  49  3:53  Probe  
  51  4:02  Probe  
  52  4:03  Robotics Facility  
  52  4:05  Probe  
  53  4:14  Probe  
  53  4:15  Nexus  
  54  4:19  Probe  
  54  4:21  Pylon  
  55  4:27  Probe  
  55  4:28  Sentry  
  55  4:29  Sentry  
  55  4:31  Probe  
  61  4:36  Pylon  
  61  4:39  Probe  
  61  4:43  Probe  
  61  4:45  Immortal  
  63  4:47  Gateway x2  
  63  4:57  Probe x2  
  69  5:01  Sentry x2  
  73  5:09  Probe x2  
  73  5:10  Forge  
  73  5:13  Twilight Council  
  75  5:17  Observer, Pylon  
  75  5:21  Probe x2  
  75  5:23  Probe  
  79  5:33  Probe x2  
  81  5:36  Gateway x2  
  81  5:39  Protoss Ground Weapons Level 1  
  81  5:40  Probe  
  81  5:45  Probe, Immortal  
  81  5:46  Probe  
  88  5:50  Charge  
  88  5:52  Probe  
  89  5:58  Probe x2  
  89  6:01  Gateway  
  89  6:02  Gateway  
  91  6:05  Assimilator  
  91  6:06  Assimilator  
  91  6:08  Probe  
  91  6:10  Probe x2  
  94  6:14  Templar Archives  
  94  6:16  Pylon  
  94  6:17  Warp Prism  
  96  6:31  Probe  
  96  6:32  Probe x2  
  96  6:33  Pylon  
  96  6:37  Photon Cannon  
  96  6:38  Pylon  
  96  6:40  Photon Cannon  
  96  6:42  Warp Prism  
  96  6:46  Psionic Storm  
  96  6:49  Zealot x2  
  96  6:51  Phoenix, High Templar x3  
  96  6:52  High Templar  
  107  6:55  Archon x2  
  107  6:56  Pylon  
  107  7:00  Pylon  
  107  7:01  Pylon  
  107  7:08  Stalker x2  
  111  7:28  Protoss Ground Weapons Level 2  
  111  7:30  High Templar x2  
  111  7:31  High Templar  
  111  7:33  Nexus  
  111  7:36  Shield Battery  
  111  7:37  Immortal, Shield Battery  
  117  7:38  Shield Battery  
  117  7:40  Photon Cannon  
  117  7:41  Photon Cannon  
  117  7:42  Photon Cannon  
  117  7:46  High Templar  
  123  7:52  Pylon  
  123  7:53  Pylon  
  123  8:00  Probe x2  
  123  8:01  Probe  
  123  8:04  Pylon  
  126  8:07  Assimilator  
  126  8:11  Assimilator  
  127  8:12  Probe, Pylon  
  127  8:13  Probe x2  
  129  8:25  Probe x3  
  129  8:26  Photon Cannon  
  132  8:30  High Templar  
  132  8:31  High Templar  
  134  8:34  Fleet Beacon, Stargate  
  134  8:38  Shield Battery  
  134  8:40  Shield Battery  
  134  8:42  Photon Cannon  
  134  8:43  Photon Cannon  
  134  8:45  Photon Cannon  
  134  8:49  Probe x4  
  138  9:06  Stargate  
  138  9:09  Pylon  
  138  9:11  Protoss Air Weapons Level 1  
  138  9:13  Carrier x2  
  138  9:18  Gateway  
  138  9:19  Gateway  
  138  9:23  Mothership  
  156  9:39  Carrier  
  162  9:56  Protoss Ground Weapons Level 3  
  162  10:03  Photon Cannon  
  162  10:05  Photon Cannon  
  162  10:07  Carrier  
  162  10:09  Nexus  
  162  10:10  Pylon, Carrier  
  170  10:30  Observer, Carrier  
  170  10:34  Shield Battery x2  
  170  10:36  Shield Battery  
  170  10:38  Zealot x4, Shield Battery  
  170  10:39  Shield Battery  
  170  10:42  Photon Cannon x2  
  178  10:44  Photon Cannon  
  178  10:45  Photon Cannon  
  176  11:07  Carrier  
  176  11:11  Carrier  
  176  11:13  Pylon  
  188  11:18  Pylon  
  188  11:19  Protoss Air Weapons Level 2  
  188  11:20  Assimilator  
  188  11:22  Assimilator  
  188  11:29  Cybernetics Core  
  188  11:30  Carrier  
  188  11:32  Forge  
  188  11:33  Photon Cannon  
  194  11:45  Unknown  
  194  11:51  Protoss Shields Level 1  
  194  11:52  Photon Cannon  
  194  11:53  Photon Cannon  
  192  12:07  Protoss Air Armor Level 1  
  192  12:11  Void Ray  
  192  12:13  Photon Cannon  
  192  12:15  Pylon, Photon Cannon, Void Ray  
  196  12:17  Shield Battery  
  196  12:18  Shield Battery  
  200  12:22  Blink  
  200  12:35  Gateway  
  200  12:37  Gateway  
  200  12:45  Protoss Ground Armor Level 1  
  200  13:24  Pylon  
  200  13:53  Protoss Shields Level 2  
  198  13:57  Zealot x2  
  171  14:20  Zealot x11  
  157  14:36  Mothership  
  153  14:40  Stalker x3, Void Ray x2  
  153  14:41  Stalker x8  
  156  14:49  Stargate  
  156  14:52  Stargate  
  156  15:02  Nexus  
  156  15:04  High Templar x4, Shield Battery  
  156  15:05  High Templar x4, Shield Battery  
  170  15:07  Shield Battery  
  170  15:09  Archon x2  
  170  15:10  High Templar x2, Stalker  
  170  15:14  Archon  
  176  15:17  Void Ray x2  
  184  15:37  High Templar x2  
  184  15:38  High Templar x2  
  184  15:39  High Templar x4  
  184  15:41  Archon  
  184  15:42  Archon  
  200  15:43  Archon x2  
  198  16:21  Archon x2  
  198  16:26  Stalker x2  
  198  16:27  Stalker x4  
  190  16:37  Stalker x5  
Tags
 
Add a new tag
Caveats
  • Supply blocks, unpowered buildings, or Contaminate may cause inaccurate times.
  • Supply counts are checked every 10 seconds.